 Dungeon Crawl Stone Soup version 0.27-a0-1200-g94dc6ad4cf (webtiles) character file.

Game seed: 9194746016199898178

2229 bilbop the Basher (level 9, 0/79 HPs)
             Began as a Minotaur Fighter on June 1, 2021.
             Was a Follower of Trog.
             Slain by a killer bee (1 damage)
             ... on level 8 of the Dungeon.
             The game lasted 00:30:44 (8355 turns).

bilbop the Basher (Minotaur Fighter)                Turns: 8355, Time: 00:30:44

Health: 0/79       AC: 12    Str: 23    XL:     9   Next: 14%
Magic:  9/10       EV:  6    Int: 11    God:    Trog [*.....]
Gold:   331        SH: 11    Dex: 17    Spells: 8/8 levels left

rFire    . . .     SeeInvis .   a - +1 mace (holy)
rCold    . . .     Faith    .   c - +0 kite shield
rNeg     . . .     Spirit   .   j - +0 chain mail
rPois    .         Reflect  .   (helmet restricted)
rElec    .         Harm     .   H - +1 cloak {Will+}
rCorr    .         Rampage  .   (no gloves)
Will     +....                  (no boots)
Stlth    ..........             N - amulet of regeneration
HPRegen  1.23/turn              o - +6 ring of intelligence
MPRegen  0.12/turn              w - +6 ring of dexterity

@: lethally poisoned (0 -> -1)
A: horns 2, retaliatory headbutt
a: Renounce Religion, Berserk


You were on level 8 of the Dungeon.
You worshipped Trog.
Trog was aware of your devotion.
You visited 2 branches of the dungeon, and saw 9 of its levels.

You collected 331 gold pieces.

Inventory:

Hand Weapons
 a - a +1 mace of holy wrath (weapon)
 b - a +0 hunting sling
 y - a +0 flail
Missiles
 v - 92 sling bullets
 D - a throwing net (quivered)
 K - a curare-tipped dart
Armour
 c - a +0 kite shield (worn)
 j - a +0 chain mail (worn)
 l - a +0 scale mail
 H - a +1 cloak of willpower (worn)
Jewellery
 o - a +6 ring of intelligence (left hand)
 s - a ring of fire
 w - a +6 ring of dexterity (right hand)
 G - a ring of fire
 N - an amulet of regeneration (around neck)
Wands
 B - a wand of charming (7)
 F - a wand of polymorph (9)
 I - a wand of iceblast (9)
 L - a wand of mindburst (9)
Scrolls
 f - 2 scrolls of teleportation {unknown}
 h - 2 scrolls of vulnerability {unknown}
 k - a scroll of silence {unknown}
 n - a scroll of enchant weapon {unknown}
 p - a scroll of immolation {unknown}
 q - a scroll of magic mapping {unknown}
 r - 4 scrolls of identify {unknown}
 t - a scroll of fog {unknown}
 u - a scroll of amnesia {unknown}
 x - 2 scrolls of blinking {unknown}
 z - a scroll of enchant armour {unknown}
 C - 2 scrolls of torment {unknown}
Potions
 d - a potion of might
 e - a potion of resistance {unknown}
 g - a potion of attraction {unknown}
 i - 2 potions of curing {unknown}
 m - a potion of mutation {unknown}
 A - 4 potions of magic {unknown}
 E - 4 potions of brilliance {unknown}
 J - a potion of flight {unknown}
 M - a potion of berserk rage {unknown}


   Skills:
 + Level 7.2 Fighting
 * Level 9.3 Maces & Flails
 + Level 7.2 Armour
 + Level 7.2 Shields
 + Level 2.7 Invocations


You had 8 spell levels left.
You didn't know any spells.
Your spell library contained the following spells:

 Spells                   Type           Power      Damage    Failure   Level
 Magic Dart               Conj           0%         1d3       99%         1
 Searing Ray              Conj           0%         3d3       100%        2
 Dazzling Flash           Conj/Hex       0%         N/A       100%        3
 Fulminant Prism          Conj/Hex       0%         3d6       100%        4
 Iskenderun's Mystic Bla  Conj/Tloc      0%         2d3       100%        4


Dungeon Overview and Level Annotations

Branches:
Dungeon (8/15)             Temple (1/1) D:5
   Lair: D:8-11

Altars:
Ashenzari
Cheibriados
Dithmenos
Elyvilon
Gozag
Hepliaklqana
Kikubaaqudgha
Makhleb
Nemelex Xobeh
Okawaru
Qazlal
Ru
Sif Muna
Trog
Uskayaw
Vehumet
Wu Jian
Xom
Yredelemnul
Zin
The Shining One

Shops:
D:1 (   D:4 (   D:5 [   D:6 [

Annotations:
D:2 1 runed translucent door, Crazy Yiuf


Innate Abilities, Weirdness & Mutations

You have a pair of horns on your head.
You reflexively headbutt those who attack you in melee.


Message History

Trog accepts your kill.
You feel sick. The killer bee closely misses you.
You barely miss the killer bee. Your headbutt misses the killer bee.
The killer bee is moderately wounded.
You feel sick. The killer bee barely misses you. You furiously retaliate!
You headbutt the killer bee!
You kill the killer bee!
Trog accepts your kill. The killer bee stings you!
* * * LOW HITPOINT WARNING * * *
You are more poisoned.
The killer bee poisons you!
You miss the killer bee.
The killer bee is severely wounded.
You feel very sick. You block the killer bee's attack.
The killer bee stings you but does no damage.
You closely miss the killer bee. Your headbutt misses the killer bee.
The killer bee is severely wounded.
You feel sick. The killer bee stings you.
* * * LOW HITPOINT WARNING * * *
You block the killer bee's attack.
You closely miss the killer bee. Your headbutt misses the killer bee.
The killer bee is severely wounded.
You feel sick.
The killer bee stings you but does no damage.
You block the killer bee's attack.
You hit the killer bee but do no damage.
The killer bee is severely wounded.
You feel sick. The killer bee stings you.
* * * LOW HITPOINT WARNING * * *
You are lethally poisoned!
The killer bee poisons you! You block the killer bee's attack.
You sock the killer bee!
You kill the killer bee!
Trog accepts your kill.
* * * LOW HITPOINT WARNING * * *
You feel very sick. The killer bee stings you.
You die...

... ...# ..# ...#
... ...#
#.######...####
#.............
##............
#.y......)....
#.#y###.....##
#@##.#...#.#
#.......##.#...#.#
#.########)#...#.#
##.....# ##...##
##.#######
###.......#
#####...#####.####
#.................


You could see 2 killer bees.

Vanquished Creatures
  Grinder (D:4)
  A wyvern (D:5)
  2 sky beasts (D:6)
  A black bear (D:4)
  An ice beast (D:5)
  2 ogres (D:6)
  2 centaurs
  A kobold brigand (D:7)
  A bullfrog (D:7)
  4 scorpions
  A water moccasin skeleton (D:4)
  4 killer bees (D:8)
  An electric eel (D:6)
  A gnoll shaman (D:8)
  4 hounds
  A bullfrog zombie (D:6)
  An orc priest (D:4)
  2 jellies (D:5)
  2 iguanas (D:5)
  2 orc wizards
  A killer bee zombie (D:7)
  A howler monkey zombie (D:7)
  3 adders
  9 gnolls
  2 white imps
  An ufetubus (D:6)
  An adder skeleton (D:4)
  2 dart slugs
  13 orcs
  3 endoplasms
  2 giant cockroaches (D:1)
  9 goblins
  3 hobgoblins
  5 quokkas
  4 ball pythons
  2 bats
  4 frilled lizards
  14 kobolds
  5 rats
119 creatures vanquished.

Vanquished Creatures (others)
  An orc (D:6)
  3 plants (D:5)
4 creatures vanquished.

Grand Total: 123 creatures vanquished

Notes
Turn   | Place    | Note
-------+----------+-------------------------------------------
     0 | D:1      | bilbop the Minotaur Fighter began the quest for the Orb.
     0 | D:1      | Reached XP level 1. HP: 19/19 MP: 0/0
   358 | D:1      | Reached XP level 2. HP: 25/27 MP: 1/1
   419 | D:1      | Reached skill level 3 in Maces & Flails
   546 | D:1      | Found Tamiemu's Weapon Shop.
  1214 | D:2      | Reached XP level 3. HP: 28/33 MP: 2/2
  1535 | D:2      | Found a faded altar of an unknown god.
  1852 | D:2      | Found a runed translucent door.
  1853 | D:2      | Noticed Crazy Yiuf
  2489 | D:3      | Reached XP level 4. HP: 38/40 MP: 3/3
  2506 | D:3      | You fall into a shaft and drop 3 floors!
  2535 | D:6      | Reached skill level 4 in Maces & Flails
  2542 | D:6      | Noticed a sky beast
  2565 | D:5      | Entered Level 5 of the Dungeon
  2574 | D:5      | Found Mix Loa's Antique Armour Emporium.
  2603 | D:5      | Noticed a wyvern
  2614 | D:5      | Killed a wyvern
  2615 | D:5      | Reached skill level 5 in Maces & Flails
  2615 | D:5      | Reached XP level 5. HP: 14/47 MP: 4/4
  2870 | D:5      | Reached XP level 6. HP: 49/55 MP: 5/5
  2969 | D:5      | Reached skill level 5 in Shields
  2972 | D:5      | Reached skill level 5 in Fighting
  2972 | D:5      | Reached skill level 5 in Armour
  3299 | D:4      | Found Ypaff's Weapon Boutique.
  3355 | D:4      | Reached skill level 6 in Maces & Flails
  3355 | D:4      | Reached XP level 7. HP: 39/61 MP: 6/6
  3558 | D:4      | Noticed Grinder
  3572 | D:4      | Killed Grinder
  4215 | D:5      | Reached skill level 7 in Maces & Flails
  4460 | D:5      | Found a hazy altar of Hepliaklqana.
  4491 | D:5      | Reached XP level 8. HP: 55/70 MP: 7/7
  4994 | D:5      | Found a glowing silver altar of Zin.
  5261 | D:5      | Found a staircase to the Ecumenical Temple.
  5268 | Temple   | Entered the Ecumenical Temple
  5393 | Temple   | Became a worshipper of Trog the Wrathful
  5524 | D:6      | Found Poesasiq's Antique Armour Boutique.
  5884 | D:6      | Reached skill level 8 in Maces & Flails
  6213 | D:6      | Found an opulent altar of Gozag.
  6266 | D:6      | Found a basalt altar of Yredelemnul.
  6295 | D:6      | Reached skill level 1 in Invocations
  6442 | D:6      | Found an iron altar of Okawaru.
  6444 | D:6      | Found a white marble altar of Elyvilon.
  6444 | D:6      | Found an ancient bone altar of Kikubaaqudgha.
  6446 | D:6      | Found a radiant altar of Vehumet.
  6446 | D:6      | Found a shimmering altar of Xom.
  6446 | D:6      | Found a shimmering blue altar of Sif Muna.
  7684 | D:7      | Found a shadowy altar of Dithmenos.
  8064 | D:7      | Reached skill level 9 in Maces & Flails
  8182 | D:8      | Reached XP level 9. HP: 76/79 MP: 9/9
  8280 | D:8      | Reached * piety under Trog
  8355 | D:8      | HP: 1/79 [poisoned by a killer bee]
  8355 | D:8      | Slain by a killer bee

Illustrated notes

Levels and vault maps discovered:
D:1:      minmay_arrival_shoal_huts, layout_basic, serial_shops, shop
D:2:      layout_loops_corners, ebering_ecumenical_altar_rust,
          uniq_crazy_yiuf_cottage
D:3:      layout_basic, hangedman_decor_clover_reticule
D:4:      layout_loops_ring, serial_shops, shop, corexii_leaking_fountain,
          uniq_grinder
D:5:      layout_loops_ring, nicolae_hepliaklqana_hazy_memory, kennysheep_mini,
          temple_green, serial_shops, shop
D:6:      layout_loops_cross, old_standard_altar, grunt_gozag_breadcrumbs,
          doesnt_xom_only_xom, serial_shops, shop, kennysheep_cross_bottleneck
D:7:      layout_basic, grunt_dithmenos_smoke_and_mirrors
D:8:      layout_loops_cross, uniq_maurice
Temple:   regret_index_temple_waves

Skill      XL: |  1  2  3  4  5  6  7  8 |
---------------+-------------------------+-----
Maces & Flails | 3 5 6 7 9 |  9.3
Fighting       | 4 5 6 7 |  7.2
Armour         | 4 5 6 7 |  7.2
Shields        | 4 5 6 7 |  7.2
Invocations    | 2 |  2.7

Action                   |  1- 3 |  4- 6 |  7- 9 || total
-------------------------+-------+-------+-------++-------
Melee: Flail             |    96 |       |       ||    96
       Headbutt          |    12 |    18 |    56 ||    86
       Mace              |    12 |    57 |   217 ||   286
Armor: Scale mail        |    11 |       |       ||    11
       Chain mail        |    33 |    32 |   105 ||   170
Dodge: Dodged            |    17 |    11 |    64 ||    92
Block: Kite shield       |    54 |    47 |   113 ||   214

Table legend: (Time is in decaauts)
 A = Elapsed time spent in this place.
 B = Non-inter-level travel time spent in this place.
 C = Inter-level travel time spent in this place.
 D = Time resting spent in this place.
 E = Time spent auto-exploring this place.
 F = Levels seen in this place.
 G = Mean time per level.
                   A        B        C        D        E       F      G
               +--------+--------+--------+--------+--------+-----+--------+
         Total |   8480 |   8155 |    325 |   1740 |   5393 |   9 |  942.2 |
       Dungeon |   8332 |   8035 |    297 |   1740 |   5276 |   8 | 1041.5 |
        Temple |    148 |    120 |     28 |      0 |    117 |   1 |  148.0 |
               +--------+--------+--------+--------+--------+-----+--------+

Top non-repeatable levels by time:
     D:5: 1572 daAuts
     D:6: 1490 daAuts
     D:7: 1280 daAuts
     D:4: 1092 daAuts
     D:1: 1042 daAuts
     D:2: 1014 daAuts
     D:3: 649 daAuts
     D:8: 190 daAuts
  Temple: 148 daAuts
